 Dungeon Crawl Stone Soup version 0.30-a0-219-gf2db51d15e (webtiles) character file.

Game seed: 14105322864920303729

247557 House the Hoplite (level 18, 0/190 HPs)
             Began as a Minotaur Berserker on Oct 7, 2022.
             Was a High Priest of Trog.
             Killed from afar by an ironbound thunderhulk (30 damage)
             ... with a bolt of lightning
             ... on level 1 of the Vaults on Oct 8, 2022.
             The game lasted 03:54:26 (41074 turns).

House the Hoplite (Minotaur Berserker)             Turns: 41074, Time: 03:54:27

Health: 0/190      AC: 34    Str: 35    XL:     18   Next: 82%
Magic:  17/17      EV: 18    Int: 12    God:    Trog [*****.]
Gold:   3102       SH: 19    Dex: 13    Spells: 17/17 levels left

rFire   + . .      SeeInvis .    I - +3 broad axe (flame)
rCold   . . .      Faith    .    i - +2 kite shield {reflect}
rNeg    . . .      Spirit   .    M - +10 plate armour of Impatience {rF+ Int+4 Dex+2}
rPois   +          Reflect  +    (helmet restricted)
rElec   .          Harm     .    j - +2 cloak {rPois}
rCorr   .          Rampage  .    T - +2 pair of gloves
Will    +++..                    (no boots)
Stlth   ..........               Q - amulet "Tehuckeu" {Acrobat Int+4}
HPRegen 1.51/turn                w - +4 ring of evasion
MPRegen 0.15/turn                O - +6 ring of strength

@: berserking, strong-willed, regenerating, very quick
A: horns 2, retaliatory headbutt
}: 2/15 runes: decaying, gossamer
a: Renounce Religion, Berserk, Trog's Hand, Brothers in Arms


You were on level 1 of the Vaults.
You worshipped Trog.
Trog was extremely pleased with you.
You visited 6 branches of the dungeon, and saw 31 of its levels.
You also visited: Sewer, Ossuary and Bailey.

You collected 4060 gold pieces.
You spent 958 gold pieces at shops.

Inventory:

Hand Weapons
 b - the +7 war axe "Odghiax" {vorpal, +Blink Fly rC- Int+2 Dex+6}
   (You found it on level 4 of the Dungeon)

   It inflicts extra damage upon your enemies.
   Int:       It affects your intelligence (+2).
   Dex:       It affects your dexterity (+6).
   rC:        It makes you vulnerable to cold.
   Fly:       It grants you flight.
   +Blink:    It lets you blink.
 I - a +3 broad axe of flaming (weapon)
 W - a +6 vorpal broad axe
Missiles
 s - 52 poisoned darts (quivered)
Armour
 g - +0 swamp dragon scales
 i - a +2 kite shield of reflection (worn)
 j - a +2 cloak of poison resistance (worn)
 K - +0 acid dragon scales
 M - the +10 plate armour of Impatience (worn) {rF+ Int+4 Dex+2}
   (You bought it in a shop on level 2 of the Orcish Mines)

   Int:       It affects your intelligence (+4).
   Dex:       It affects your dexterity (+2).
   rF:        It protects you from fire.
 T - a +2 pair of gloves (worn)
Jewellery
 n - a ring of resist corrosion
 w - a +4 ring of evasion (left hand)
 H - the ring of Departure {AC+4 Str-3 Dex+3}
   (You found it on level 8 of the Dungeon)

   [ring of protection]

   AC:        It affects your AC (+4).
   Str:       It affects your strength (-3).
   Dex:       It affects your dexterity (+3).
 L - a ring of flight
 O - a +6 ring of strength (right hand)
 Q - the amulet "Tehuckeu" (around neck) {Acrobat Int+4}
   (You found it on level 10 of the Dungeon)

   [amulet of the acrobat]

   It increases your evasion while moving and waiting.
   Int:       It affects your intelligence (+4).
 V - a ring of positive energy
 X - a ring of protection from cold
Wands
 k - a wand of polymorph (21)
 B - a wand of mindburst (35)
 E - a wand of charming (31)
 G - a wand of acid (16)
 R - a wand of roots (32)
 Y - a wand of flame (10)
Scrolls
 e - 26 scrolls of identify
 f - 8 scrolls of enchant weapon
 h - 14 scrolls of teleportation
 l - a scroll of blinking
 m - 6 scrolls of poison
 x - a scroll of brand weapon
 y - 6 scrolls of butterflies
 z - 3 scrolls of magic mapping
 C - 2 scrolls of summoning
 D - 5 scrolls of fear
 F - 2 scrolls of silence
 N - 5 scrolls of enchant armour
 U - 3 scrolls of acquirement
Potions
 a - 5 potions of attraction
 c - 19 potions of curing
 d - 4 potions of invisibility
 o - 10 potions of ambrosia
 p - 7 potions of haste
 q - 6 potions of mutation
 r - 7 potions of lignification
 t - 2 potions of might
 u - 5 potions of magic
 v - 5 potions of resistance
 J - 8 potions of flight
 P - 4 potions of heal wounds
 S - 2 potions of brilliance


   Skills:
 - Level 3.6 Fighting
 + Level 24.0 Axes
 - Level 15.2 Armour
 - Level 13.8 Dodging
 + Level 25.6 Shields


You had 17 spell levels left.
You didn't know any spells.
Your spell library contained the following spells:

 Spells                   Type           Power      Damage    Failure   Level
 Blink                    Tloc           0%         N/A       92%         2
 Manifold Assault         Tloc           0%         N/A       100%        4
 Storm Form               Tmut/Air       0%         N/A       100%        7


Dungeon Overview and Level Annotations

Branches:
Dungeon (15/15)            Temple (0/1) D:5            Lair (5/5) D:8
  Swamp (4/4) Lair:2       Spider (4/4) Lair:2        Slime (0/5) Lair:4
    Orc (2/2) D:9             Elf (0/3) Orc:2        Vaults (1/5) D:13
 Depths (0/4) D:15          Sewer (visited)         Ossuary (visited)
 Bailey (visited)

Altars:
Kikubaaqudgha
Makhleb
Sif Muna
Vehumet
Zin
Jiyva

Shops:
D:6 =   D:14 =   Orc:2 ([!=   Vaults:1 (

Annotations:
Swamp:1 contendunt's ghost, adept MiFi
Spider:3 2 transporters, Plog's ghost, adept MiBe
Spider:4 Roxanne


Innate Abilities, Weirdness & Mutations

You have a pair of horns on your head.
You reflexively headbutt those who attack you in melee.


Message History

You hit the dire elephant. You burn the dire elephant.
You slash the dire elephant! You burn the dire elephant.
You slash the dire elephant! You burn the dire elephant.
You headbutt the dire elephant!
The dire elephant is heavily wounded.
You barely miss the dire elephant. You block the dire elephant's attack.
The dire elephant misses you. You block the dire elephant's attack.
The dire elephant barely misses you.
You carve the dire elephant like a ham!!!
You burn the dire elephant!!
You kill the dire elephant!
Trog accepts your kill.
You slash the dire elephant! You burn the dire elephant.
You slash the glowing orange brain! You burn the glowing orange brain.
You completely miss the glowing orange brain.
Your headbutt misses the glowing orange brain.
The glowing orange brain is moderately wounded.
You hit the dire elephant but do no damage.
You block the dire elephant's attack. x2
The glowing orange brain pulsates.
The glowing orange brain radiates an aura of fear!
You resist with almost no effort.
You completely miss the glowing orange brain.
The glowing orange brain is moderately wounded.
You slash the dire elephant! You burn the dire elephant.
You kill the dire elephant!
Trog accepts your kill.
Your Axes skill increases to level 24!
You completely miss the glowing orange brain.
The glowing orange brain is moderately wounded.
Strange energies crackle from the ironbound thunderhulk's apparatus.
The ironbound thunderhulk blinks!
You slice the glowing orange brain!! You burn the glowing orange brain.
The glowing orange brain is almost dead.
You completely miss the glowing orange brain.
You headbutt the glowing orange brain.
The glowing orange brain is almost dead.
Electricity crackles from the ironbound thunderhulk's apparatus.
The bolt of lightning hits you!!
You die...

########## ###
#...##...## #.#+##
#...#..†..#
+@G..###..........
##†∩§##.#......∩...
#....O#.+....).....
##+#.#..#...#...?.#
###..##..##...##
##)###....###
#Y######## #)[...#
##YO.##


You could see an ironbound thunderhulk and a glowing orange brain.

Vanquished Creatures
  the Lernaean hydra (Swamp:4)
  Kirke (Spider:3)
  A thorn hunter (Swamp:3)
  2 vault wardens (Vaults:1)
  Louise (Spider:4)
  13 emperor scorpions
  3 ghouls (Swamp:1)
  3 ghost moths (Spider:4)
  The ghost of themarg the Fighter, a journeyman TrBe of Trog (Lair:2)
  An orc warlord (D:9)
  2 very ugly things (Vaults:1)
  4 broodmothers
  3 spark wasps
  2 bunyips
  5 dire elephants
  4 eleionomae
  A fire dragon (Lair:5)
  2 great orbs of eyes (Vaults:1)
  4 entropy weavers
  23 hydras
  An ice dragon (D:13)
  Harold (D:9)
  Erolcha (Orc:2)
  An ironbound frostheart (Vaults:1)
  A vault guard (D:13)
  4 radroaches
  2 jorogumos
  An ogre mage (Orc:2)
  10 centaur warriors
  12 boulder beetles
  4 two-headed ogres
  8 alligators
  2 death yaks (Lair:4)
  7 ghost crabs
  A tengu warrior (D:8)
  A spriggan berserker (Swamp:2)
  10 spriggans
  An orc high priest (Orc:1)
  Sonja (Lair:2)
  Amaemon (Lair:1)
  Nergalle (Orc:2)
  3 skeletal warriors (D:14)
  A sun moth (Spider:3)
  7 pharaoh ants
  10 steelbarb worms
  A goliath frog (Swamp:3)
  14 swamp dragons
  13 orb spiders
  14 bog bodies
  5 spriggan druids
  3 lindwurms (Vaults:1)
  A deep elf pyromancer (D:8)
  A glowing orange brain (D:15)
  4 will-o-the-wisps
  2 cyclopes (D:8)
  13 ugly things
  9 orc sorcerers
  2 orc knights
  22 wolf spiders
  A manticore (D:15)
  A moth of wrath (Spider:2)
  5 elephants
  Joseph (D:8)
  8 black mambas
  5 torpor snails
  8 spectral spriggans (Swamp:1)
  An orange demon (Lair:1)
  9 cane toads
  4 rime drakes
  2 unseen horrors
  Maggie (Lair:2)
  2 kobold demonologists
  9 demonic crawlers
  3 yaktaurs (D:15)
  An efreet (D:15)
  4 freezing wraiths
  10 komodo dragons
  3 tengu conjurers
  A queen bee (shapeshifter) (D:14)
  16 polar bears
  2 queen bees
  10 tyrant leeches
  11 meliai
  A troll (shapeshifter) (D:14)
  A wind drake (shapeshifter) (D:14)
  5 trolls
  10 hornets
  13 tarantellas
  Prince Ribbit (D:5)
  A raiju (shapeshifter) (D:13)
  12 slime creatures
  9 dream sheep
  9 blink frogs
  4 raiju (Lair:5)
  25 jumping spiders
  A wraith (D:8)
  32 culicivoras
  2 water elementals (D:13)
  68 yaks
  4 vampires
  The ghost of Bediveer the Cudgeller, an amateur AtFi (D:4)
  9 wyverns
  A fire bat (shapeshifter) (D:15)
  Grum (Lair:1)
  3 steam dragons
  11 basilisks
  59 redbacks
  13 vampire mosquitoes
  6 wargs
  22 swamp worms
  13 hell hounds (Lair:5)
  4 acid dragons
  13 water moccasins
  9 swamp drakes
  37 orc warriors
  2 ice beasts (D:6)
  3 sky beasts
  15 black bears
  11 ogres
  22 wolves
  17 centaurs
  8 kobold brigands
  6 bullfrogs
  3 gnoll sergeants
  3 necrophages
  3 scorpions
  13 wights
  42 killer bees
  6 howler monkeys
  6 electric eels
  A centaur zombie (Ossuary)
  4 hounds
  3 quasits (D:4)
  5 jellies
  20 orc priests
  A gnoll bouda (D:6)
  10 iguanas
  Natasha (thrice) (D:4)
  39 orc wizards
  A hell rat (Lair:4)
  2 mummies (Ossuary)
  12 gnolls
  4 adders
  A river rat (Lair:4)
  4 shadow imps
  2 white imps (D:6)
  An ufetubus (D:6)
  2 worms
  5 dart slugs
  99 orcs
  4 ball pythons
  6 endoplasms
  9 giant cockroaches
  3 gnoll zombies (Ossuary)
  19 goblins
  13 hobgoblins
  2 jackals (Sewer)
  18 kobolds
  7 quokkas
  6 bats
  3 frilled lizards
  2 goblin zombies (Ossuary)
  2 hobgoblin zombies (Ossuary)
  6 orc zombies (Ossuary)
  5 rats
  8 briar patches (Swamp:3)
  A bush (Lair:3)
1284 creatures vanquished.

Vanquished Creatures (others)
  An alligator (Swamp:1)
  7 bloated husks
  5 humans (Spider:3)
  A redback (Spider:1)
  A swamp drake (Swamp:4)
  18 foxfires
  35 fungi
  53 plants
121 creatures vanquished.

Grand Total: 1405 creatures vanquished

Notes
Turn   | Place    | Note
-------+----------+-------------------------------------------
     0 | D:1      | House the Minotaur Berserker began the quest for the Orb.
     0 | D:1      | Reached XP level 1. HP: 19/19 MP: 0/0
   367 | D:1      | Reached XP level 2. HP: 20/26 MP: 1/1
   649 | D:1      | Reached skill level 5 in Axes
   662 | D:1      | Reached XP level 3. HP: 31/31 MP: 2/2
   852 | D:1      | Reached ** piety under Trog
   870 | D:1      | Found a faded altar of an unknown god.
  1084 | D:2      | Found a shimmering blue altar of Sif Muna.
  1750 | D:2      | Reached XP level 4. HP: 39/39 MP: 3/3
  2866 | D:4      | Noticed Bediveer's ghost (amateur AtFi)
  2876 | D:4      | Reached XP level 5. HP: 43/45 MP: 4/4
  2898 | D:4      | Identified the +7 war axe "Odghiax" {vorpal, +Blink Fly rC-
                  | Int+2 Dex+6}
  3106 | D:4      | Noticed an ogre
  3120 | D:4      | Killed an ogre
  3120 | D:4      | Reached *** piety under Trog
  3121 | D:4      | Reached XP level 6. HP: 48/51 MP: 5/5
  3263 | D:4      | Found a transporter.
  3302 | D:4      | Found a transporter.
  3587 | D:4      | Found a glowing silver altar of Zin.
  3685 | D:4      | Noticed Natasha
  3691 | D:4      | Killed Natasha
  3929 | D:4      | Noticed Natasha
  3936 | D:4      | Killed Natasha
  4090 | D:4      | Noticed Natasha
  4097 | D:4      | Killed Natasha
  4323 | D:5      | Entered Level 5 of the Dungeon
  4358 | D:5      | Reached XP level 7. HP: 57/57 MP: 6/6
  4404 | D:5      | Found a sand-covered staircase.
  4414 | Ossuary  | Entered an ossuary
  4716 | D:5      | Found a staircase to the Ecumenical Temple.
  4747 | D:5      | Reached skill level 10 in Axes
  4760 | D:5      | Reached **** piety under Trog
  5033 | D:5      | Noticed Prince Ribbit
  5046 | D:5      | Killed Prince Ribbit
  5047 | D:5      | Reached XP level 8. HP: 63/64 MP: 7/7
  5391 | D:6      | Found a glowing drain.
  5403 | Sewer    | Entered a sewer
  5709 | D:6      | Found Juhajiuc's Jewellery Shop.
  5930 | D:6      | Reached skill level 1 in Shields
  5930 | D:6      | Reached XP level 9. HP: 69/70 MP: 8/8
  6081 | D:6      | Reached skill level 2 in Shields
  6223 | D:6      | You are sucked into a shaft and drop 1 floor!
  6240 | D:7      | Reached skill level 3 in Shields
  6299 | D:7      | Reached skill level 15 in Axes
  6492 | D:6      | Reached skill level 4 in Shields
  6680 | D:6      | Noticed a kobold demonologist
  6859 | D:6      | Reached skill level 5 in Shields
  6944 | D:6      | Killed a kobold demonologist
  6957 | D:6      | Reached ***** piety under Trog
  7039 | D:7      | Reached skill level 6 in Shields
  7039 | D:7      | Reached XP level 10. HP: 77/77 MP: 9/9
  7066 | D:7      | Reached skill level 7 in Shields
  7595 | D:4      | Killed Bediveer's ghost
  7596 | D:4      | Reached skill level 8 in Shields
  7724 | D:8      | Identified the +2 leather armour of Pathos {Rampage}
  7923 | D:8      | Reached skill level 9 in Shields
  7938 | D:8      | Noticed Joseph
  7967 | D:8      | Killed Joseph
  8006 | D:8      | Identified the ring of Departure {AC+4 Str-3 Dex+3}
  8042 | D:8      | Noticed a centaur warrior
  8042 | D:8      | Noticed a cyclops
  8046 | D:8      | Reached skill level 10 in Shields
  8052 | D:8      | Killed a centaur warrior
  8053 | D:8      | Reached skill level 11 in Shields
  8055 | D:8      | Killed a cyclops
  8095 | D:8      | Noticed a green ugly thing
  8110 | D:8      | Killed a green ugly thing
  8111 | D:8      | Reached skill level 12 in Shields
  8168 | D:8      | Noticed a boulder beetle
  8202 | D:8      | Killed a boulder beetle
  8203 | D:8      | Reached XP level 11. HP: 64/82 MP: 10/10
  8326 | D:8      | Noticed a boulder beetle
  8334 | D:8      | Reached skill level 13 in Shields
  8347 | D:8      | Killed a boulder beetle
  8525 | D:8      | Found a staircase to the Lair.
  8647 | D:8      | Noticed a deep elf pyromancer
  8655 | D:8      | Killed a deep elf pyromancer
  8656 | D:8      | Reached skill level 14 in Shields
  8866 | D:9      | Found a staircase to the Orcish Mines.
  8884 | D:9      | Noticed Harold
  8888 | D:9      | Found a flagged portal.
  8896 | D:9      | Killed Harold
  8906 | Bailey   | Entered a bailey
  8939 | Bailey   | Reached skill level 15 in Shields
  9097 | Bailey   | Received a gift from Trog
  9149 | Bailey   | Found a bloodstained altar of Trog.
  9597 | D:9      | Identified a scroll of acquirement
  9597 | D:9      | Acquired a ring of magical power
  9705 | Orc:1    | Entered Level 1 of the Orcish Mines
  9710 | Orc:1    | Noticed an orc warlord
  9714 | Orc:1    | Noticed an orc knight
  9883 | D:9      | Killed an orc warlord
  9883 | D:9      | Killed an orc knight
  9884 | D:9      | Reached skill level 16 in Shields
 10061 | D:9      | Reached skill level 5 in Armour
 10107 | Orc:1    | Reached XP level 12. HP: 81/90 MP: 11/11
 10287 | Orc:1    | Noticed an orc high priest
 10299 | Orc:1    | Killed an orc high priest
 10527 | Orc:2    | Entered Level 2 of the Orcish Mines
 10883 | Orc:2    | Found a burning altar of Makhleb.
 10888 | Orc:2    | Received a gift from Trog
 10902 | Orc:2    | Noticed Erolcha
 10909 | Orc:2    | Killed Erolcha
 11086 | Orc:2    | Reached skill level 17 in Shields
 11101 | Orc:2    | Found a staircase to the Elven Halls.
 11526 | Orc:2    | Found Inwiler's Antique Weapon Shop.
 11657 | Orc:2    | Found a radiant altar of Vehumet.
 11657 | Orc:2    | Noticed an ogre mage
 11704 | Orc:2    | Killed an ogre mage
 11778 | Orc:2    | Paralysed by an orc sorcerer for 2 turns
 11962 | Orc:2    | Found Duza Kediv's Distillery.
 11967 | Orc:2    | Noticed Nergalle
 12046 | Orc:2    | Killed Nergalle
 12121 | Orc:2    | Found an ancient bone altar of Kikubaaqudgha.
 12152 | Orc:2    | Paralysed by an orc sorcerer for 3 turns
 12322 | Orc:2    | Found Afiwem's Jewellery Shop.
 12348 | Orc:2    | Found Kekaddi's Antique Armour Boutique.
 12363 | Orc:2    | Bought a potion of curing for 45 gold pieces
 12363 | Orc:2    | Bought a potion of curing for 45 gold pieces
 12379 | Orc:2    | Bought a faintly glowing plate armour for 868 gold pieces
 12379 | Orc:2    | Identified the +10 plate armour of Impatience {rF+ Int+4
                  | Dex+2} (You bought it in a shop on level 2 of the Orcish
                  | Mines)
 12593 | D:10     | Entered Level 10 of the Dungeon
 12593 | D:10     | Noticed a two-headed ogre
 12599 | D:10     | Killed a two-headed ogre
 12600 | D:10     | Reached skill level 10 in Armour
 12600 | D:10     | Reached skill level 18 in Shields
 12824 | D:10     | Identified the amulet "Tehuckeu" {Acrobat Int+4}
 13416 | D:11     | Reached XP level 13. HP: 95/95 MP: 12/12
 13433 | D:11     | Received a gift from Trog
 14117 | Lair:1   | Entered Level 1 of the Lair of Beasts
 14232 | Lair:1   | Noticed Amaemon
 14242 | Lair:1   | Killed Amaemon
 14411 | Lair:1   | Noticed Grum
 14416 | Lair:1   | Killed Grum
 14708 | Lair:1   | Reached skill level 19 in Shields
 15094 | Lair:2   | Found a staircase to the Swamp.
 15132 | Lair:2   | Noticed Sonja
 15149 | Lair:2   | Killed Sonja
 15320 | Lair:2   | Received a gift from Trog
 15469 | Lair:2   | Noticed themarg's ghost (journeyman TrBe)
 15504 | Lair:2   | Found a transporter.
 15508 | Lair:2   | Found a transporter.
 15686 | Lair:2   | Found a hole to the Spider Nest.
 15866 | Lair:2   | Noticed Maggie
 15875 | Lair:2   | Killed Maggie
 15957 | Lair:2   | Killed themarg's ghost
 16080 | Lair:3   | Reached skill level 20 in Shields
 16417 | Lair:3   | Reached XP level 14. HP: 102/102 MP: 13/13
 16811 | Lair:4   | Received a gift from Trog
 17021 | Lair:3   | Reached skill level 5 in Dodging
 17710 | Lair:4   | Found a viscous altar of Jiyva.
 17710 | Lair:4   | Found a staircase to the Slime Pits.
 18297 | Lair:5   | Entered Level 5 of the Lair of Beasts
 18518 | Lair:5   | Reached ****** piety under Trog
 18674 | Lair:5   | Received a gift from Trog
 18818 | Lair:5   | Reached skill level 10 in Dodging
 19557 | Lair:5   | Reached XP level 15. HP: 98/107 MP: 14/14
 19890 | Lair:5   | Received a gift from Trog
 21975 | D:13     | Found a gate to the Vaults.
 22760 | D:13     | Identified the +0 robe of Ostur {+Inv rF++ Dex+5}
 23327 | D:14     | Found a radiant altar of Vehumet.
 23743 | D:14     | Found Ilinn's Jewellery Boutique.
 24181 | D:15     | Entered Level 15 of the Dungeon
 24196 | D:15     | Reached skill level 15 in Armour
 24281 | D:15     | Received a gift from Trog
 24318 | D:15     | HP: 3/107 [tengu conjurer/bolt of lightning (21)]
 24964 | D:15     | Found a staircase to the Depths.
 25289 | Orc:1    | Paralysed by an orc sorcerer for 2 turns
 25637 | Spider:1 | Entered Level 1 of the Spider Nest
 25828 | Spider:1 | Noticed an emperor scorpion
 25828 | Spider:1 | Noticed an emperor scorpion
 25828 | Spider:1 | Noticed an emperor scorpion
 25858 | Lair:2   | Killed an emperor scorpion
 25864 | Lair:2   | Killed an emperor scorpion
 26128 | Spider:1 | Killed an emperor scorpion
 26302 | Spider:1 | Reached XP level 16. HP: 105/115 MP: 15/15
 26914 | Spider:1 | Reached skill level 21 in Shields
 28478 | Spider:2 | Received a gift from Trog
 30018 | Spider:3 | Noticed Kirke
 30028 | Spider:3 | Killed Kirke
 30029 | Spider:3 | Reached skill level 22 in Shields
 30173 | Spider:3 | Found a transporter.
 30174 | Spider:3 | Noticed Plog's ghost (adept MiBe)
 30467 | Spider:3 | Received a gift from Trog
 30613 | Spider:3 | Reached XP level 17. HP: 100/121 MP: 16/16
 31132 | Spider:3 | Found a transporter.
 31275 | Spider:4 | Entered Level 4 of the Spider Nest
 32406 | Spider:4 | Reached skill level 23 in Shields
 32634 | Spider:4 | Identified the +8 executioner's axe of the Fulmar {flame,
                  | Dex+7} (Trog gifted it to you on level 4 of the Spider
                  | Nest)
 32634 | Spider:4 | Received a gift from Trog
 32655 | Spider:4 | Noticed Louise
 32708 | Spider:4 | Killed Louise
 32922 | Spider:4 | Got a gossamer rune of Zot
 33747 | Spider:4 | Noticed Roxanne
 34272 | Swamp:1  | Entered Level 1 of the Swamp
 35372 | Swamp:1  | Reached skill level 24 in Shields
 35977 | Swamp:2  | Found a runed translucent door.
 35977 | Swamp:2  | Noticed contendunt's ghost (adept MiFi)
 36260 | Swamp:2  | Received a gift from Trog
 36377 | Swamp:2  | Reached XP level 18. HP: 124/127 MP: 17/17
 36738 | Swamp:2  | Swamp -> Ghost
 38040 | Swamp:4  | Entered Level 4 of the Swamp
 39293 | Swamp:4  | Reached skill level 25 in Shields
 39644 | Swamp:4  | Noticed the 27-headed Lernaean hydra
 39646 | Swamp:4  | Got a decaying rune of Zot
 39656 | Swamp:4  | Killed the 22-headed Lernaean hydra
 40290 | Vaults:1 | Entered Level 1 of the Vaults
 40305 | Vaults:1 | Found Suogux's Weapon Emporium.
 40349 | Vaults:1 | Received a gift from Trog
 41074 | Vaults:1 | Killed from afar by an ironbound thunderhulk

Illustrated notes

...#..........#..~.).~~~.~...~♣
~..#.....#....#..~..~~~~..~.♣♣♣
...#....÷#....#..~...~~~..~.~♣♣
♣..##.####+###...~~~.........~♣♣
♣...............~~~.......~~§~~♣
♣..............~~~...#+#...~~~.♣
...♣♣...♣♣♣..~..♣...##.##.....♣♣
~~~♣♣♣...~.~...~...##...##...♣♣
§~~♣ ♣.....~~.♣.@.##.....##..~♣
~~.♣♣♣♣..~...~~...#W.!♣?.⌠#..♣♣
...♣♣.~..~~.......##..?..##..~♣
♣.~~~~~...♣~.♣~....##...##....♣
♣~.~~..~~~♣♣~~♣♣♣...##⌠##....~♣
.....♣~~~.~...♣♣♣♣...###.....♣♣
..~.♣♣♣[.~♣~~~.♣ ♣♣.......♣♣♣♣
....♣♣♣♣♣♣♣♣~~♣♣♣♣.......♣♣♣
~~~<~♣ ♣~~~~♣♣~♣...~♣♣♣♣.♣♣


Turn 36738 on Swamp:2: Swamp -> Ghost

Levels and vault maps discovered:
D:1:      evilmike_arrival_hilbert_curve, layout_basic,
          shapermc_ecumenical_altar_starsandcircs
D:2:      layout_loops_corners, basic_altar, grunt_decor_cap,
          minmay_misc_feat_rows, kennysheep_big_empty_room,
          minmay_goblin_outpost
D:3:      minmay_inner_zag, layout_rooms, minmay_door_square,
          hangedman_decor_clover_reticule
D:4:      layout_loops_corners, mainiacjoe_overflow_alcove_2,
          gammafunk_ghost_stat_death, uniq_natasha
D:5:      layout_loops_cross, minmay_temple_entry_ruins,
          nicolae_ossuary_entry_ruins, uniq_prince_ribbit1
D:6:      minmay_clustersquares, layout_basic, gup_sewer_entry_pipe,
          minmay_shop_enchanted_jewellery, hangedman_glass_teeth,
          dreamdust_mushroom_princess, amcnicky_mini_pool_medium
D:7:      layout_rooms, grunt_decor_mini_mirrors, kennysheep_small_square
D:8:      hangedman_cross_veins, layout_cave_pools, david_lair_generic,
          grunt_ministairs_2, uniq_joseph
D:9:      layout_rooms, hiddenorc1_lemuel, enter_bailey_6, nrook_mini_vaults,
          uniq_harold
D:10:     nicolae_whirlpool, layout_stronghold, serial_column_ruins,
          column_ruins_grid_1, column_ruins_open_medium,
          column_ruins_open_medium, column_ruins_open_large,
          column_ruins_open_tiny, worms_lemuel
D:11:     layout_rooms
D:12:     layout_basic
D:13:     layout_basic, david_vaults_4, special_room [special_room_orc]
D:14:     layout_loops_corners, serial_shops, nicolae_shop_hallway_stairs,
          nicolae_vehumet_radiance
D:15:     gammafunk_enter_depths_forms, layout_cave_pools, minivault_26
Lair:1:   layout_chaotic_city, uniq_amaemon, uniq_grum
Lair:2:   layout_chaotic_city, skrybe_swamp_entry_bodies,
          spider_nest_entry_funnel_web, gammafunk_ghost_hive,
          serial_bayou_pond_b, nicolae_quartered_pool_medium, uniq_sonja,
          uniq_maggie
Lair:3:   layout_misc_corridors, grunt_megastairs_2
Lair:4:   regret_index_combs_of_tragedy, layout_gridlike, slime_entry_1
Lair:5:   hangedman_lair_caniforms_friends, layout_loops_ring,
          guppyfry_lair_end_dragon, lemuel_fruit_tree
Swamp:1:  nicolae_swamp_flooded_prison, layout_basic_swamp, hangedman_swamp_pad,
          swamp_pool2
Swamp:2:  layout_basic_swamp, hellmonk_ghost_happy_afterlife,
          evilmike_swamp_ruin_house_5, swamp_pool1
Swamp:3:  layout_basic_swamp, nicolae_swamp_fairy_circle
Swamp:4:  swamp_basic_johnstein, layout_basic_swamp
Spider:1: layout_spider_delve, nicolae_spider_some_kinda_spiderbox
Spider:2: layout_spider_delve, hangedman_stitches_earthworm
Spider:3: layout_spider_delve, gammafunk_ghost_mausoleum,
          spiders_nest_hornet_nest, uniq_kirke
Spider:4: grunt_spider_rune_parallel, nicolae_spider_circle_web, uniq_louise,
          uniq_roxanne
Orc:1:    layout_caves, basic_altar
Orc:2:    kennysheep_orc_mage_school, layout_caves, basic_altar, uniq_erolcha
Vaults:1: nicolae_vaults_hallways_thing, hangedman_vaults_stream, v_misc_13,
          nicolae_vaults_border_crossing, v_misc_12, nicolae_vaults_network_s,
          vaults_room_large_hall, ontoclasm_vaults_shuriken,
          ontoclasm_vaults_decontamination, vaults_room_door_hall,
          ontoclasm_vaults_chip, v_misc_14, v_misc_23, v_misc_16,
          nicolae_vaults_ring_of_whatevers, nicolae_vaults_diagonal_hallway_8,
          layout_vaults_omnibox, serial_shops, nicolae_shop_bloodbath_and_beyond

Skill      XL: |  1  2  3  4  5  6  7  8  9 10 11 12 13 14 15 16 17 18 |
---------------+-------------------------------------------------------+-----
Axes           | 4 5 6 7 8 9 11 14 16 17 18 20 22 24 | 24.0
Shields        | 1 6 12 16 18 20 22 24 25 | 25.6
Armour         | 5 10 11 13 15 | 15.2
Dodging        | 3 10 13 | 13.8
Fighting       | |  3.6

Action                   |  1- 3 |  4- 6 |  7- 9 | 10-12 | 13-15 | 16-18 || total
-------------------------+-------+-------+-------+-------+-------+-------++-------
Melee: Hand axe          |   100 |    62 |       |       |       |       ||   162
       Headbutt          |    11 |    10 |    34 |   139 |   292 |   384 ||   870
       Punch             |       |     1 |     1 |       |       |       ||     2
       War axe           |       |    59 |   184 |   572 |   604 |   315 ||  1734
       Broad axe         |       |       |       |       |   740 |  1500 ||  2240
Throw: Dart              |       |       |       |       |     1 |     1 ||     2
Invok: Trog's Hand       |       |     1 |       |    10 |    12 |    18 ||    41
       Berserk           |       |       |       |     1 |     6 |    14 ||    21
 Abil: Evoke Blink       |       |     1 |       |     1 |       |       ||     2
Evoke: Wand              |       |       |       |       |     1 |     4 ||     5
  Use: Scroll            |       |     8 |       |    16 |     4 |     7 ||    35
       Potion            |       |       |       |       |     2 |     4 ||     6
 Stab: Distracted        |       |       |       |     1 |       |     1 ||     2
Armor: Animal skin       |     2 |       |       |       |       |       ||     2
       Chain mail        |    53 |    56 |    36 |       |       |       ||   145
       Ring mail         |       |       |    18 |   101 |       |       ||   119
       Plate armour      |       |       |       |    35 |   599 |   489 ||  1123
       Swamp dragon scal |       |       |       |       |       |   201 ||   201
Dodge: Dodged            |    30 |    30 |    92 |   232 |   649 |  1191 ||  2224
Block: Kite shield       |       |       |    22 |   382 |  1014 |  1495 ||  2913
       Reflection        |       |       |       |       |       |    26 ||    26

Table legend: (Time is in decaauts)
 A = Elapsed time spent in this place.
 B = Non-inter-level travel time spent in this place.
 C = Inter-level travel time spent in this place.
 D = Time resting spent in this place.
 E = Time spent auto-exploring this place.
 F = Levels seen in this place.
 G = Mean time per level.
                   A        B        C        D        E       F      G
               +--------+--------+--------+--------+--------+-----+--------+
         Total |  40692 |  38277 |   2415 |  10989 |  17029 |  34 | 1196.8 |
       Dungeon |  16501 |  15081 |   1420 |   2262 |   9585 |  15 | 1100.1 |
          Lair |   7125 |   6609 |    516 |   1909 |   3085 |   5 | 1425.0 |
         Swamp |   5657 |   5610 |     47 |   2249 |   1823 |   4 | 1414.2 |
   Spider Nest |   7520 |   7372 |    148 |   3788 |   1387 |   4 | 1880.0 |
  Orcish Mines |   2880 |   2598 |    282 |    528 |    798 |   2 | 1440.0 |
        Vaults |    357 |    357 |      0 |    158 |     64 |   1 |  357.0 |
         Sewer |    178 |    178 |      0 |      8 |    126 |   1 |  178.0 |
       Ossuary |    199 |    199 |      0 |     49 |     70 |   1 |  199.0 |
        Bailey |    272 |    272 |      0 |     36 |     89 |   1 |  272.0 |
               +--------+--------+--------+--------+--------+-----+--------+

Top non-repeatable levels by time:
  Lair:2: 2459 daAuts
Spider:2: 2190 daAuts
    D:13: 2139 daAuts
Spider:4: 2124 daAuts
   Orc:2: 1926 daAuts
 Swamp:1: 1741 daAuts
Spider:3: 1740 daAuts
  Lair:5: 1714 daAuts
     D:4: 1611 daAuts
 Swamp:4: 1536 daAuts
     D:6: 1473 daAuts
Spider:1: 1465 daAuts
    D:12: 1355 daAuts
  Lair:4: 1277 daAuts
    D:14: 1235 daAuts
